 Dungeon Crawl Stone Soup version 0.27-a0-1154-gfdeffcb720 (webtiles) character file.

Game seed: 14970336625754314492

120 Whiskey the Magician (level 5, 0/39 HPs)
             Began as a Djinni Earth Elementalist on May 14, 2021.
             Slain by a hound (2 damage)
             ... on level 4 of the Dungeon.
             The game lasted 00:08:56 (4436 turns).

Whiskey the Magician (Djinni Earth Elementalist)    Turns: 4436, Time: 00:08:57

Health: 0/39       AC:  3    Str:  8    XL:     5   Next: 25%
Gold:   175        EV: 12    Int: 17    God:
                   SH:  0    Dex: 13

rFire    + + +     SeeInvis .   a - +0 dagger
rCold    . . .     Faith    .   (no shield)
rNeg     . . .     Spirit   .   c - +1 robe
rPois    ∞         Reflect  .   (no helmet)
rElec    +         Harm     .   (no cloak)
rCorr    +         Rampage  .   (no gloves)
Will     .....                  (boots unavailable)
Stlth    ++........             (no amulet)
HPRegen  0.13/turn              f - +4 ring of slaying
MPRegen  0.00/turn              (no ring)

@: mighty, resistant, flying, very slightly contaminated, invisible
A: sickness immunity, fire resistance 2, cold vulnerability 1, float, innate
caster, hp casting, extra vitality 1
a: no special abilities


You were on level 4 of the Dungeon.
You visited 1 branch of the dungeon, and saw 4 of its levels.

You collected 175 gold pieces.

Inventory:

Hand Weapons
 a - a +0 dagger (weapon)
   (You took it off a kobold on level 1 of the Dungeon)
Missiles
 b - 130 stones (quivered)
Armour
 c - a +1 robe (worn)
Jewellery
 f - a +4 ring of slaying (left hand)
   (You found it on level 2 of the Dungeon)
Wands
 j - a wand of flame (20)
   (You found it on level 2 of the Dungeon)
Scrolls
 d - a scroll of teleportation {unknown}
 g - a scroll of identify
 i - a scroll of magic mapping {unknown}
 k - a scroll of enchant armour
 m - 2 scrolls of amnesia
 n - a scroll of blinking {unknown}


   Skills:
 + Level 2.4 Fighting
 - Level 2.1 Dodging
 + Level 2.8 Stealth
 + Level 3.1 Spellcasting


You couldn't memorise any spells.
You knew the following spells:

 Your Spells              Type           Power      Damage    Failure   Level
a - Sandblast             Erth           26%        2d8       4%          1
b - Summon Small Mammal   Summ           52%        N/A       4%          1
c - Petrify               Tmut/Erth      13%        N/A       43%         4
d - Wereblood             Tmut           13%        N/A       7%          2
w - Passwall              Tmut/Erth      10%        N/A       7%          2
x - Stone Arrow           Conj/Erth      26%        3d8       14%         3
z - Lee's Rapid Deconstr  Erth           6%         3d7*      78%         5
Your spell library was empty.

Dungeon Overview and Level Annotations

Branches:
Dungeon (4/15)
 Temple: D:4-7

Altars:
Hepliaklqana
Vehumet


Innate Abilities, Weirdness & Mutations

You are immune to sickness and miasma.
You are immune to poison.
Your flesh is very heat resistant. (rF++)
You are vulnerable to cold. (rC-)
You float through the air rather than walking.
You learn spells naturally, not from books.
Your magical power is your life essence.
You have superior vitality. (+4 HP)


Message History

There is a stone staircase leading up here.
Found a stone staircase leading up.
You now have 175 gold pieces (gained 12).
A quokka comes into view.
Found a stone staircase leading up.
The helpless quokka fails to defend itself.
You puncture the quokka!
You kill the quokka!
No target in view!
No target in view!
No target in view!
No target in view!
No target in view!
No target in view!
No target in view!
No target in view!
No target in view!
No target in view!
No target in view!
No target in view!
No target in view!
No target in view!
No target in view!
No target in view!
No target in view!
No target in view!
There is a stone staircase leading up here.
Found a hazy altar of Hepliaklqana.
A hound comes into view.
A hound comes into view.
A giant cockroach comes into view.
The hound barks! x2
The hound bites you.
You take 5 damage, and have 34/39 hp.
The hound bites you. x3
You take 11 damage, and have 23/39 hp.
MASSIVE DAMAGE!!
The hound bites you.
You take 3 damage, and have 20/39 hp.
The hound closely misses you.
Okay, then.
Aim: a hound (71% to hit)
The blast of sand misses the hound.
The blast of sand hits the hound!
b - 133 stones The hound closely misses you.
You take 1 damage, and have 19/39 hp.
Aim: a hound (71% to hit)
The blast of sand hits the hound but does no damage.
b - 132 stones The hound bites you. x2
You take 3 damage, and have 16/39 hp.
Aim: a hound (71% to hit)
The blast of sand hits the hound!
b - 131 stones The hound bites you.
The giant cockroach waves its antennae.
You take 3 damage, and have 13/39 hp.
Aim: a hound (heavily wounded, 71% to hit)
The blast of sand misses the hound. x2
The blast of sand misses the giant cockroach.
b - 130 stones The hound bites you.
* * * LOW HITPOINT WARNING * * *
The hound bites you.
* * * LOW HITPOINT WARNING * * *
You take 8 damage, and have 5/39 hp.
MASSIVE DAMAGE!!
Aim: a hound (heavily wounded, 71% to hit)
You miscast Sandblast.
You are very lightly contaminated with residual magic.
Nothing appears to happen.
* * * LOW HITPOINT WARNING * * *
The hound bites you.
* * * LOW HITPOINT WARNING * * *
You take 3 damage, and have 2/39 hp.
It was a potion of invisibility.
You fade into invisibility!
The hound bites you but does no damage. x2
It was a potion of curing.
You feel better. The hound misses you.
You regained 5 hp, and now have 7/39 hp.
The hound bites you.
* * * LOW HITPOINT WARNING * * *
You take 4 damage, and have 3/39 hp.
It was a potion of resistance.
You feel protected. The hound closely misses you.
It was a potion of might.
You feel very mighty all of a sudden. The hound closely misses you.
The hound bites you but does no damage. The hound bites you.
* * * LOW HITPOINT WARNING * * *
You take 2 damage, and have 1/39 hp.
As you read the scroll labelled COESHI HOGAE, it crumbles to dust.
It is a scroll of enchant armour.
Your +0 robe glows green for a moment.
The hound stops to sniff the ground.
The hound misses you. The hound misses you.
As you read the scroll labelled WYOKKY LYSCHO, it crumbles to dust.
It is a scroll of identify.
m - 2 scrolls of amnesia The hound bites you.
You die...

# ##.....##.....
##.#.......#...#
..#.......#..#
......_.....#
#.......#.#
#.......#.# .
##.....##B#
#..####.####.#
#........@hh.#
.........#####
...####...## #..
###..# #. #..#
##.. ##.# ##...
#..# ##....#
#..# ##
.......### ##.##
...


You could see 2 hounds.

Vanquished Creatures
  A hound (D:3)
  2 adders
  2 dart slugs
  4 ball pythons
  5 bats
  3 endoplasms
  3 giant cockroaches
  3 hobgoblins
  9 jackals
  4 quokkas
  3 frilled lizards
  8 goblins
  7 kobolds
  7 rats
61 creatures vanquished.

Notes
Turn   | Place    | Note
-------+----------+-------------------------------------------
     0 | D:1      | Whiskey the Djinni Earth Elementalist began the quest for
                  | the Orb.
     0 | D:1      | Reached XP level 1. HP: 15/15 MP: 0/0
   402 | D:1      | Reached XP level 2. HP: 11/22 MP: 0/0
   406 | D:1      | HP: 3/22 [jackal (3)]
   742 | D:1      | Reached skill level 1 in Fighting
   747 | D:1      | Reached skill level 2 in Stealth
  1124 | D:1      | Reached XP level 3. HP: 20/27 MP: 0/0
  1124 | D:1      | Learned a level 1 spell: Summon Small Mammal
  1289 | D:1      | Found a faded altar of an unknown god.
  2653 | D:2      | Reached XP level 4. HP: 24/33 MP: 0/0
  3287 | D:2      | Reached skill level 2 in Fighting
  3287 | D:2      | Reached skill level 3 in Spellcasting
  3759 | D:3      | Reached XP level 5. HP: 25/39 MP: 0/0
  3759 | D:3      | Learned a level 2 spell: Wereblood
  4409 | D:4      | Found a hazy altar of Hepliaklqana.
  4425 | D:4      | HP: 5/39 [hound (5)]
  4426 | D:4      | HP: 2/39 [hound (3)]
  4433 | D:4      | HP: 1/39 [hound (2)]
  4436 | D:4      | Slain by a hound

Illustrated notes

Levels and vault maps discovered:
D:1:      zaba_arrival_water, layout_loops_ring, basic_ecumenical_altar,
          chequers_serial_rivers_micro_b
D:2:      layout_basic
D:3:      layout_basic, nicolae_overflow_crystal_walls
D:4:      layout_layer_cave, old_standard_altar

Skill      XL: |  1  2  3  4 |
---------------+-------------+-----
Fighting       | 1 2 |  2.4
Stealth        | 2 |  2.8
Spellcasting   | 3 |  3.1
Dodging        | |  2.1

Action                   |  1- 3 |  4- 6 || total
-------------------------+-------+-------++-------
Melee: Dagger            |   120 |    58 ||   178
 Cast: Sandblast         |    34 |    11 ||    45
       Wereblood         |       |     1 ||     1
  Use: Potion            |       |     4 ||     4
       Scroll            |       |     2 ||     2
 Stab: Sleeping          |     3 |     4 ||     7
Armor: Robe              |    31 |    26 ||    57
Dodge: Dodged            |    87 |    63 ||   150

Table legend: (Time is in decaauts)
 A = Elapsed time spent in this place.
 B = Non-inter-level travel time spent in this place.
 C = Inter-level travel time spent in this place.
 D = Time resting spent in this place.
 E = Time spent auto-exploring this place.
 F = Levels seen in this place.
 G = Mean time per level.
                   A        B        C        D        E       F      G
               +--------+--------+--------+--------+--------+-----+--------+
         Total |   4434 |   4306 |    128 |   1234 |   2595 |   4 | 1108.5 |
       Dungeon |   4434 |   4306 |    128 |   1234 |   2595 |   4 | 1108.5 |
               +--------+--------+--------+--------+--------+-----+--------+

Top non-repeatable levels by time:
     D:1: 1817 daAuts
     D:2: 1711 daAuts
     D:3: 838 daAuts
     D:4: 66 daAuts

Table legend:
 A = Kills in this place as a percentage of kills in entire the game.
 B = Kills by you in this place as a percentage of kills by you in the entire game.
 C = Kills by friends in this place as a percentage of kills by friends in the entire game.
 D = Other kills in this place as a percentage of other kills in the entire game.
 E = Experience gained in this place as a percentage of experience gained in the entire game.
 F = Experience gained in this place divided by the number of levels of this place that you have seen.
                   A       B       C       D       E      F
               +-------+-------+-------+-------+-------+----------------------
         Total | 100.0 | 100.0 |   N/A |   N/A | 100.0 |  43.0
       Dungeon | 100.0 | 100.0 |   N/A |   N/A | 100.0 |  43.0
               +-------+-------+-------+-------+-------+----------------------
